 Dungeon Crawl Stone Soup version 0.14-a0-50-gc6ee670 (webtiles) character file.

196 DasRunzen the Digger (level 4, 0/24 HPs)
             Began as a Gargoyle Earth Elementalist on Sept 29, 2013.
             Was an Initiate of Jiyva.
             Killed from afar by an orc wizard (4 damage)
             ... with a magic dart
             ... on Level 3 of the Dungeon.
             The game lasted 00:07:09 (2976 turns).

DasRunzen the Digger (Gargoyle Earth Elementalist)  Turns: 2976, Time: 00:07:09

HP   0/24        AC  6     Str 12      XL: 4   Next: 38%
MP   7/7         EV 12     Int 16      God: Jiyva [......]
Gold 117         SH  0     Dex 10      Spells:  2 memorised,  2 levels left

Res.Fire  : . . .   See Invis. : .   m - staff of death
Res.Cold  : . . .   Warding    : .   c - +0 robe (curse)
Life Prot.: + + .   Conserve   : .   (no shield)
Res.Poison: +       Res.Corr.  : .   (no helmet)
Res.Elec. : +       Clarity    : .   h - +0 cloak
Sust.Abil.: . .     Spirit.Shd : .   (no gloves)
Res.Mut.  : .       Stasis     : .   (no boots)
Res.Rott. : +       Flight     : .   (no amulet)
Saprovore : . . .                    (no ring)
                                     (no ring)

@: slowed, very slow, slightly resistant to hostile enchantments, fairly
stealthy
A: fangs 1, talons 2, life protection 1, electricity resistance, slow metabolism
1, unbreathing, petrification resistance, AC +3
a: Renounce Religion


You were on level 3 of the Dungeon.
You worshipped Jiyva.
Jiyva was noncommittal.
You were very hungry.

You visited 1 branch of the dungeon, and saw 3 of its levels.

You collected 97 gold pieces.

Inventory:

Missiles
 b - 30 stones (quivered)
Armour
 c - a cursed +0 robe (worn)
 h - a +0 cloak (worn)
Comestibles
 a - 3 bread rations
 g - 2 pears
Scrolls
 e - a scroll of fog
 f - a scroll of blinking
 k - a scroll of curse jewellery {unknown}
 o - a scroll of enchant armour {unknown}
Potions
 i - a potion of porridge
 j - a potion of flight
 l - a potion of speed
 p - a potion of curing {unknown}
Books
 d - a book of Geomancy

   Spells                             Type                      Level
   *Sandblast                         Earth                        1
   Stoneskin                          Transmutation/Earth          2
   Passwall                           Transmutation/Earth          3
   *Stone Arrow                       Conjuration/Earth            3
   Petrify                            Transmutation/Earth          4
   Lee's Rapid Deconstruction         Earth                        5
Magical staves
 m - an uncursed staff of death (weapon)


   Skills:
 + Level 1.8 Fighting
 + Level 1.9 Armour
 - Level 1.5 Dodging
 - Level 2.1 Stealth
 + Level 1.6 Unarmed Combat
 + Level 1.5 Spellcasting
   Level 0.7 Transmutations
 + Level 4.1 Earth Magic


You had 2 spell levels left.
You knew the following spells:

 Your Spells              Type           Power        Failure   Level  Hunger
a - Sandblast             Erth           ##....       6%          1    ##.....
b - Stone Arrow           Conj/Erth      #.....       34%         3    ####...


Dungeon Overview and Level Annotations

Branches:
Dungeon (3/27)

Altars:
Jiyva


Innate Abilities, Weirdness & Mutations

You are resistant to torment.
You are immune to poison.
Your stone body is very resilient (AC +3).
You have very sharp teeth.
You have razor-sharp toenails.
You resist negative energy.
You are resistant to electric shocks.
You have a slow metabolism.
You can survive without breathing.
You are immune to petrification.


Message History

The orc misses you.
You closely miss the orc.
The orc wizard gestures at you while chanting.
You resist.
The orc hits you with an orcish short sword.
You hit the orc but do no damage.
The orc wizard points at you and mumbles some strange words.
You feel yourself slow down.
The orc hits you with an orcish short sword.
You hit the orc. You claw the orc. Your bite misses the orc.
The orc is almost dead.
The orc hits you with an orcish short sword.
* * * LOW HITPOINT WARNING * * *
You are too injured to fight recklessly!
You are too injured to fight recklessly!
You hit the orc.
You kill the orc!
The orc wizard casts a spell at you. The magic dart hits you!
You die...

#### ### #..# ..# #..#
..# #..# ..# #..# ..#
#######..########..######
.........................
................[........
##..######..####@.#######
#..# #..# #.)# #..# #..#
#..# ##..# #..# #o.#
....# #... ...# ....#
#.... ...# ..... ....
...# ...... ....# ....#
...


You could see an orc wizard.

Vanquished Creatures
  An adder (D:2)
  A giant gecko (D:2)
  5 oozes
  2 orcs (D:3)
  15 bats
  2 giant cockroaches
  8 goblins
  7 hobgoblins
  5 kobolds
  2 giant newts (D:1)
  2 jackals (D:1)
  7 rats
57 creatures vanquished.

Notes
Turn   | Place    | Note
--------------------------------------------------------------
     0 | D:1      | DasRunzen, the Gargoyle Earth Elementalist, began the quest for the Orb.
     0 | D:1      | Reached XP level 1. HP: 10/10 MP: 3/3
   485 | D:1      | Reached XP level 2. HP: 12/15 MP: 0/4
   870 | D:1      | Reached skill level 1 in Fighting
  1145 | D:1      | Reached skill level 1 in Unarmed Combat
  1145 | D:1      | Reached XP level 3. HP: 19/19 MP: 6/6
  1526 | D:2      | Reached skill level 1 in Armour
  1892 | D:2      | Reached skill level 4 in Earth Magic
  1997 | D:2      | Learned a level 3 spell: Stone Arrow
  2102 | D:2      | Reached XP level 4. HP: 21/24 MP: 7/7
  2581 | D:3      | Found a viscous altar of Jiyva.
  2880 | D:3      | Became a worshipper of Jiyva Jatrovo the Shapeless
  2976 | D:3      | Killed from afar by an orc wizard

Action                   |  1- 3 |  4- 6 || total
-------------------------+-------+-------++-------
Melee: Unarmed           |   162 |       ||   162
       Staff             |    39 |    66 ||   105
 Cast: Sandblast         |     8 |       ||     8
  Use: Scroll            |     6 |     3 ||     9
 Stab: Sleeping          |     1 |       ||     1
